AoeStats
← joosephy

Nomad

507989045Analyzed
2v2 RM · 12d ago on Sep 20, 2026· 73m 13s· 4 players
Game mode
Random Map
Map size
176×176
Population
200
Speed
Normal
Resources
Standard
Victory
Conquest
Starting age
Dark Age
Ending age
Imperial Age
RankedLock teamsTeams togetherTeam positionsShared explorationLock speedFull tech treeHidden civsTurbo modeCheats
Victory
Defeat
🇬🇧 Portuguese · United Kingdom
1545
+15
🇹🇼 Goths · Taiwan
1523
+15
🇸🇪 Ethiopians · Sweden
1516
-15
🇸🇪 Georgians · Sweden
1515
-15
Lampjävel
5:14 Loom
13:49 Feudal Age
14:22 Town Watch
15:19 Double-Bit Axe
19:20 Castle Age
26:04 Horse Collar
31:14 Bow Saw
33:20 Scale Mail Armor
37:11 Fletching
40:07 Wheelbarrow
39:37 Stone Mining
45:04 Bodkin Arrow
53:58 Gold Mining
54:55 Heavy Plow
58:25 Imperial Age
57:02 Hand Cart
57:14 Forging
58:25 Chain Mail Armor
58:46 Iron Casting
59:45 Plate Mail Armor
59:52 Iron Casting
59:28 Elite Shotel Warrior
65:56 Blast Furnace
66:21 Bracer
67:28 Padded Archer Armor
68:31 Leather Archer Armor
67:38 Crossbowman
71:13 Thumb Ring
Crystal Metheny
4:06 Loom
12:46 Feudal Age
13:59 Double-Bit Axe
16:17 Fletching
19:36 Castle Age
18:53 Fletching
20:27 Double-Bit Axe
21:18 Wheelbarrow
21:29 Medium Warships
21:11 Horse Collar
22:00 Bow Saw
23:35 Stone Mining
30:56 Scale Barding Armor
32:00 Forging
33:24 Chain Barding Armor
34:56 Iron Casting
44:17 Imperial Age
42:05 Elite Skirmisher
43:13 Bodkin Arrow
44:19 Elite Monaspa
46:29 Plate Barding Armor
46:33 Bracer
47:22 Ballistics
48:46 Conscription
49:20 Padded Archer Armor
50:20 Blast Furnace
51:25 Clinker Construction
51:17 Padded Archer Armor
53:01 Chemistry
52:33 Leather Archer Armor
53:24 Bloodlines
55:24 Masonry
57:10 Husbandry
58:20 Hoardings
58:36 Aznauri Cavalry
67:45 Light Cavalry
Chopper
4:41 Loom
12:12 Feudal Age
12:42 Double-Bit Axe
20:16 Castle Age
19:50 Fletching
19:56 Horse Collar
20:21 Fishing Lines
21:08 Bodkin Arrow
21:32 Medium Warships
21:49 Bow Saw
27:31 Wheelbarrow
28:13 Ballistics
31:11 Gillnets
34:28 Imperial Age
34:23 Gold Mining
34:24 Stone Mining
37:07 Two-Man Saw
36:29 Conscription
37:12 Chemistry
36:20 Heavy Plow
36:48 Scale Mail Armor
36:59 Forging
36:21 Pikeman
37:14 Halberdier
38:13 Chain Mail Armor
39:35 Plate Mail Armor
40:35 Arson
40:35 Gambesons
42:43 Iron Casting
42:09 Bracer
45:19 Blast Furnace
44:33 Masonry
44:07 Elite Organ Gun
44:17 Elite Organ Gun
45:52 Arquebus
47:15 Guilds
47:41 Architecture
54:46 Murder Holes
54:57 Siege Engineers
59:12 Coinage
71:15 Banking
joosephy
3:51 Loom
13:44 Feudal Age
14:46 Town Watch
17:36 Castle Age
18:51 Double-Bit Axe
23:56 Bow Saw
25:07 Gold Mining
26:45 Wheelbarrow
33:19 Imperial Age
31:21 Fishing Lines
32:02 Scale Barding Armor
33:33 Fletching
34:33 Bodkin Arrow
35:25 Scale Mail Armor
37:10 Bodkin Arrow
38:33 Bracer
41:42 Ballistics
42:25 Conscription
42:45 Chain Barding Armor
44:58 Chain Mail Armor
46:21 Forging
48:28 Stone Mining
48:43 Horse Collar
53:07 Iron Casting
54:48 Chemistry
53:29 Pikeman
53:58 Halberdier
56:05 Squires
59:42 Blast Furnace
59:48 Murder Holes
59:44 Man-at-Arms
61:02 Long Swordsman
62:08 Two-Handed Swordsman
69:31 Champion
Connection lost

Rejoining the realm…

Still unreachable

The connection could not be restored.

Session expired

The server has moved on; the page needs a fresh start.